cohdb
Replays
Latest Replays
All Replays
Popular Replays
Top Player Replays
Match Explorer
How It Works
Community
CoH3 Stats
Reddit
Sign in to upload your games and track your stats! →
Sign in with Steam
Match 45387680
Unlisted
Match 45387680
Overview
Messages
Build Orders
End
Panzergrenadier Squad
Selects Armored Support Battlegroup
Panzergrenadier Squad
Construct Light Support Kompanie
MG34 Team
MG34 Team
Fire Support Elements
Flakvierling Half-track
Selects Veteran Gunners
Vehicle Survival Package
Panzerjäger Mechanized Group
Construct Panzerarmee Kommand
Panzergrenadier Squad
Selects Vehicle Awareness
Selects Panzer Storm
Panzer III L Medium Tank
MG34 Team
Emergency Repair Kits
Selects Stuka Dive Bomb
Armored Reserves
Panzergrenadier Squad
Tiger Heavy Tank
Panzergrenadier Squad
Stuka Dive Bomb
Flak 36 Anti-tank Gun Team
MG34 Team
Stuka Dive Bomb
Panzergrenadier Squad
Tiger Heavy Tank
Panzerpioneer Squad
Stuka Dive Bomb
Panzergrenadier Squad
Panzer IV Assault Group
Stuka Dive Bomb
76561198017819839
20k keks under the sea
Today_Type-G
potatoo
0
0
Comments
sign in to comment!
No comments posted yet!